 Dungeon Crawl Stone Soup version 0.26-a0-638-gcca6ad1 (webtiles) character file.

Game seed: 15843500292047020789

14 royokou the Skirmisher (level 2, 0/27 HPs)
             Began as a Hill Orc Berserker on Sept 13, 2020.
             Was a Follower of Trog.
             Slain by a goblin (3 damage)
             ... on level 1 of the Dungeon on Sept 14, 2020.
             The game lasted 00:03:21 (322 turns).

royokou the Skirmisher (Hill Orc Berserker)          Turns: 322, Time: 00:03:22

Health: 0/27       AC:  5    Str: 19    XL:     2   Next: 45%
Magic:  2/2        EV: 12    Int:  7    God:    Trog [*.....]
Gold:   12         SH:  0    Dex: 10    Spells: 1/1 levels left

rFire    . . .     SeeInvis .   c - +2 mace (protect)
rCold    . . .     Faith    .   (no shield)
rNeg     . . .     Spirit   .   b - +0 animal skin
rPois    .         Reflect  .   (no helmet)
rElec    .         Harm     .   (no cloak)
rCorr    .         Rampage  .   f - +2 pair of gloves
MR       .....                  (no boots)
Stlth    +.........             (no amulet)
HPRegen  0.09/turn              (no ring)
MPRegen  0.08/turn              (no ring)

@: no status effects
A: no striking features
a: Berserk, Renounce Religion


You were on level 1 of the Dungeon.
You worshipped Trog.
Trog was aware of your devotion.
You visited 1 branch of the dungeon, and saw 1 of its levels.

You collected 12 gold pieces.

Inventory:

Hand Weapons
 a - a +0 mace
 c - a +2 mace of protection (weapon)
Armour
 b - a +0 animal skin (worn)
 d - a +0 pair of gloves
 f - a +2 pair of gloves (worn)
Potions
 e - a potion of magic {unknown}


   Skills:
 + Level 3.9 Fighting
 + Level 3.5 Maces & Flails
 + Level 2.5 Armour
 + Level 1.8 Dodging


You had one spell level left.
You didn't know any spells.
Your spell library was empty.

Dungeon Overview and Level Annotations

Branches:
Dungeon (1/15)

Altars:


Message History

The dart slug bites you. The goblin hits you but does no damage.
The goblin hits you.
* * * LOW HITPOINT WARNING * * *
The dart slug barely misses you. The goblin hits you.
* * * LOW HITPOINT WARNING * * *
The dart slug barely misses you. The goblin misses you.
The goblin barely misses you. The dart slug misses you.
The goblin barely misses you. The dart slug barely misses you.
The goblin hits you.
* * * LOW HITPOINT WARNING * * *
The dart slug launches a dart at you. The slug dart misses you.
The goblin closely misses you. The goblin closely misses you.
The dart slug barely misses you. The goblin hits you.
* * * LOW HITPOINT WARNING * * *
The dart slug bites you but does no damage.
The goblin hits you.
* * * LOW HITPOINT WARNING * * *
The goblin hits you.
You die...

..................## #
#.......†)........# ### ..#
##.............##.# ..#...#
##..#.......#.##.##.......
####........#####..........
..###.....#.##.#.........#.
.......####.##.....######..
###....####.....wg....#
###..#........@..##.....
##..................[..
####....†........####.....
#.....###.#......# ...
#.....# #...###### ..
#.....# ###.# .
#.....###...# ########..###
###.P###.##


You could see a dart slug and a goblin.

Vanquished Creatures
  A leopard gecko (D:1)
  A bat (D:1)
  3 giant cockroaches (D:1)
  3 goblins (D:1)
  A hobgoblin (D:1)
  2 kobolds (D:1)
11 creatures vanquished.

Notes
Turn   | Place    | Note
-------+----------+-------------------------------------------
     0 | D:1      | royokou the Hill Orc Berserker began the quest for the Orb.
     0 | D:1      | Reached XP level 1. HP: 19/19 MP: 1/1
     0 | D:1      | Upgraded the game from 0.26-a0-632-g926a82b to
                  | 0.26-a0-638-gcca6ad1
   116 | D:1      | Reached XP level 2. HP: 27/27 MP: 2/2
   322 | D:1      | Slain by a goblin

Illustrated notes

Levels and vault maps discovered:
D:1:      dpeg_arrival_orchard, layout_rooms, kennysheep_nondescript,
          grunt_decor_one_mirror, serial_bayou_pond_d, hangedman_decor_growths

Action                   || total
-------------------------++-------
Melee: Mace              ||    22
Armor: Animal skin       ||    31
Dodge: Dodged            ||    83

Table legend: (Time is in decaauts)
 A = Elapsed time spent in this place.
 B = Non-inter-level travel time spent in this place.
 C = Inter-level travel time spent in this place.
 D = Time resting spent in this place.
 E = Time spent auto-exploring this place.
 F = Levels seen in this place.
 G = Mean time per level.
                   A        B        C        D        E       F      G
               +--------+--------+--------+--------+--------+-----+--------+
         Total |    327 |    327 |      0 |      0 |    155 |   1 |  327.0 |
       Dungeon |    327 |    327 |      0 |      0 |    155 |   1 |  327.0 |
               +--------+--------+--------+--------+--------+-----+--------+

Top non-repeatable levels by time:
     D:1: 327 daAuts
